AoeStats
← Kitoow

Arena

510224065Analyzed
4v4 RM · 2d ago on Sep 30, 2026· 55m 4s· 8 players
Game mode
Random Map
Map size
Large (8 player)
Population
200
Speed
Normal
Resources
Standard
Victory
Conquest
Starting age
Dark Age
Ending age
Imperial Age
RankedLock teamsTeams togetherTeam positionsShared explorationLock speedFull tech treeHidden civsTurbo modeCheats
Victory
Defeat
🇺🇸 Varangians · United States
828
+16
🇵🇹 Byzantines · Portugal
822
+16
🇨🇦 Sicilians · Canada
815
+17
🇨🇳 Poles · China
791
+18
🇨🇱 Varangians · Chile
900
-20
🇨🇱 Khmer · Chile
837
-17
🇨🇱 Spanish · Chile
819
-16
🇹🇷 Japanese · Türkiye
752
-14
Coffee Bean
10:12 Feudal Age
10:37 Horse Collar
10:44 Double-Bit Axe
20:41 Castle Age
21:48 Heavy Plow
25:53 Fletching
26:03 Padded Archer Armor
27:37 Bow Saw
27:24 Gold Mining
28:06 Loom
29:03 Wheelbarrow
30:24 Ballistics
30:17 Bloodlines
30:08 Husbandry
30:25 Bodkin Arrow
30:46 Leather Archer Armor
31:50 Hand Cart
32:39 Town Watch
33:06 Forging
32:57 Scale Mail Armor
35:35 Imperial Age
33:00 Town Watch
35:18 First Crusade
35:38 Masonry
36:29 Cranequins
37:39 Guilds
37:35 Bracer
38:54 Conscription
39:43 Chemistry
38:07 Heavy Mounted Crossbowman
42:18 Chain Mail Armor
42:39 Iron Casting
42:46 Coinage
45:10 Gold Shaft Mining
44:27 Stone Mining
45:43 Banking
48:30 Elite Serjeant
50:14 Blast Furnace
49:49 Plate Mail Armor
52:30 Stone Shaft Mining
Timor Primus
12:35 Feudal Age
14:36 Wheelbarrow
13:45 Horse Collar
16:57 Loom
17:04 Double-Bit Axe
20:17 Castle Age
18:43 Gold Mining
20:51 Fletching
28:24 Squires
34:55 Imperial Age
32:23 Bodkin Arrow
33:03 Ballistics
32:50 Husbandry
33:43 Scale Barding Armor
34:27 Forging
34:17 Scale Mail Armor
33:41 Pikeman
34:48 Bow Saw
34:44 Heavy Plow
34:29 Light Cavalry
35:35 Stone Mining
36:44 Chain Barding Armor
37:00 Iron Casting
36:12 Capped Ram
37:29 Fervor
38:11 Gold Shaft Mining
39:56 Onager
40:21 Crossbowman
42:40 Chemistry
41:06 Cavalier
42:23 Hussar
43:43 Plate Barding Armor
43:26 Hand Cart
43:59 Chain Mail Armor
43:45 Padded Archer Armor
44:32 Paladin
46:14 Stone Shaft Mining
48:09 Conscription
47:58 Siege Ram
50:01 Arbalester
50:47 Thumb Ring
51:09 Bombard Tower
50:45 Murder Holes
54:37 Guard Tower
54:58 Fortified Wall
54:34 Arrowslits
55:21 Plate Mail Armor
55:07 Leather Archer Armor
54:52 Bracer
55:22 Illumination
AEC008
0:28 Loom
11:07 Feudal Age
11:34 Double-Bit Axe
12:27 Wheelbarrow
13:27 Stone Mining
20:12 Castle Age
19:33 Gold Mining
22:31 Horse Collar
22:54 Gambesons
23:37 Bow Saw
27:06 Forging
31:51 Scale Barding Armor
31:50 Heavy Plow
33:22 Caravan
37:45 Imperial Age
36:05 Iron Casting
37:16 Chain Barding Armor
37:56 Elite Varangian Guard
39:44 Heavy Scorpion
43:19 Capped Ram
47:04 Blast Furnace
46:05 Scale Mail Armor
48:45 Conscription
50:15 Elite Jarl
51:31 Siege Ram
妍芸
10:51 Feudal Age
15:22 Castle Age
13:41 Double-Bit Axe
13:49 Horse Collar
17:00 Bow Saw
21:44 Wheelbarrow
24:46 Hand Cart
27:42 Imperial Age
27:07 Coinage
27:21 Szlachta Privileges
27:32 Forging
27:28 Scale Barding Armor
28:15 Bloodlines
28:05 Husbandry
28:22 Heavy Plow
28:57 Conscription
29:54 Gold Mining
29:55 Stone Mining
29:51 Cavalier
31:54 Chain Barding Armor
32:09 Iron Casting
33:28 Crop Rotation
38:47 Stone Shaft Mining
41:14 Loom
44:33 Banking
48:56 Capped Ram
49:49 Siege Ram
massanka21
0:26 Loom
12:04 Feudal Age
13:03 Double-Bit Axe
13:13 Horse Collar
14:11 Wheelbarrow
19:48 Castle Age
20:03 Fletching
20:49 Bodkin Arrow
21:25 Bow Saw
23:29 Heavy Plow
24:18 Scale Mail Armor
24:29 Forging
25:39 Chain Mail Armor
26:19 Hand Cart
26:51 Stone Mining
28:50 Iron Casting
31:27 Treadmill Crane
31:44 Murder Holes
32:09 Ballistics
32:43 Padded Archer Armor
32:08 Elite Skirmisher
32:54 Thumb Ring
33:12 Squires
34:04 Pikeman
36:36 Leather Archer Armor
37:10 Guard Tower
41:00 Imperial Age
39:42 Masonry
39:43 Fortified Wall
41:43 Bracer
42:27 Keep
41:39 Arrowslits
48:56 Ring Archer Armor
51:35 Two-Man Saw
52:32 Halberdier
Kitoow
10:30 Feudal Age
16:05 Castle Age
14:58 Double-Bit Axe
20:05 Loom
23:54 Pikeman
28:49 Imperial Age
32:15 Stone Mining
35:40 Fletching
37:51 Chemistry
43:10 Bow Saw
Panchoqt
7:54 Loom
9:58 Feudal Age
10:47 Double-Bit Axe
14:07 Horse Collar
19:30 Castle Age
19:10 Fletching
19:48 Crossbowman
21:38 Bodkin Arrow
21:45 Padded Archer Armor
30:37 Bow Saw
30:44 Heavy Plow
34:05 Forging
36:10 Pikeman
40:12 Iron Casting
39:37 Scale Mail Armor
42:28 Imperial Age
41:10 Leather Archer Armor
40:55 Scale Mail Armor
43:39 Chain Mail Armor
45:04 Wheelbarrow
44:45 Capped Ram
47:27 Chemistry
46:14 Halberdier
46:43 Arson
47:27 Stone Mining
48:23 Elite Ballista Elephant
50:05 Hand Cart
52:28 Hand Cart
53:10 Ballistics
ISCO
10:25 Feudal Age
10:52 Double-Bit Axe
10:48 Horse Collar
16:46 Castle Age
18:13 Bow Saw
18:41 Wheelbarrow
21:59 Heavy Plow
25:23 Gold Mining
25:43 Scale Barding Armor
26:18 Bloodlines
26:09 Husbandry
27:44 Stone Mining
33:50 Squires
33:36 Gambesons
37:08 Imperial Age
34:56 Hand Cart
35:29 Forging
38:44 Crop Rotation
37:46 Elite Varangian Guard
42:22 Iron Casting
42:07 Chain Barding Armor
42:53 Elite Jarl
46:45 Arson
47:02 Pikeman
48:13 Conscription
47:19 Light Cavalry
Connection lost

Rejoining the realm…

Still unreachable

The connection could not be restored.

Session expired

The server has moved on; the page needs a fresh start.